 Dungeon Crawl Stone Soup version 0.32-a0-612-g1c984fe9d1 (webtiles) character file.

Game seed: 4139332858476238297

229169 snarfax the Executioner (level 18, -24/170 HPs)
             Began as a Minotaur Fighter on Mar 4, 2024.
             Was the Champion of Okawaru.
             Killed from afar by a will-o-the-wisp (27 damage)
             ... with a foxfire
             ... on level 3 of the Swamp.
             The game lasted 01:36:40 (30549 turns).

snarfax the Executioner (Minotaur Fighter)         Turns: 30549, Time: 01:36:42

Health: -24/170    AC: 37    Str: 34    XL:     18   Next: 72%
Magic:  28/28      EV: 13    Int:  5    God:    Okawaru [******]
Gold:   2825       SH: 24    Dex: 11    Spells: 17/17 levels left

rFire   . . .        K - +9 broad axe (vamp)
rCold   . . .        c - +4 tower shield
rNeg    . . .        C - +13 chain mail "Woffycon" {^Contam Rampage Fly Regen+}
rPois   .            N - +0 hat
rElec   .            x - +2 cloak
rCorr   .            g - +0 pair of gloves
SInv    .            I - +0 pair of boots
Will    ++...        l - amulet of reflection Stlth
                     z - ring of willpower
HPRegen 1.28/turn    i - +6 ring of strength
MPRegen 0.21/turn

%: reflection, rampage
@: lethally poisoned (-24 -> -45), marked, flying, studying Invocations
A: horns 2, retaliatory headbutt
}: 1/15 runes: serpentine
a: Renounce Religion, Heroism, Finesse, Duel, Receive Weapon


You were on level 3 of the Swamp.
You worshipped Okawaru.
Okawaru was exalted by your worship.
You visited 7 branches of the dungeon, and saw 31 of its levels.
You also visited: Sewer, Gauntlet and Volcano.

You collected 3890 gold pieces.
You spent 1065 gold pieces at shops.

Inventory:

Hand Weapons
 a - a +3 scimitar of flaming
 k - a +3 broad axe of venom
 K - a +9 vampiric broad axe (weapon)
Missiles
 j - 39 boomerangs
 m - 28 poisoned darts
 L - 11 silver javelins (quivered)
 P - 3 curare-tipped darts
 Q - a throwing net
 V - 26 javelins
Armour
 b - a +1 chain mail of poison resistance
 c - a +4 tower shield (worn)
 g - a +0 pair of gloves (worn)
 q - a +4 ring mail of willpower
 x - a +2 cloak (worn)
 A - a +2 plate armour of fire resistance
 C - the +13 chain mail "Woffycon" (worn) {^Contam Rampage Fly Regen+}
   (Okawaru gifted it to you on level 3 of the Snake Pit)

   Fly:       It grants you flight.
   ^Contam:   It causes magical contamination when unequipped.
   Regen+:    It increases your rate of health regeneration.
   Rampage:   It bestows one free step when moving towards enemies.
 I - a +0 pair of boots (worn)
 N - a +0 hat (worn)
 S - a +2 plate armour of cold resistance
Jewellery
 i - a +6 ring of strength (right hand)
 l - an amulet of reflection (around neck)
 z - a ring of willpower (left hand)
 F - a ring of protection from fire
 G - a +4 ring of protection
 W - a ring of see invisible
 Y - the ring of Istroishi {Fire Will++}
   (You found it in a Gauntlet)

   [ring of fire]

   Fire:      It enhances your fire magic.
   rF+:       It protects you from fire.
   rC-:       It makes you vulnerable to cold.
   Will++:    It greatly increases your willpower.
Wands
 p - a wand of warping (41)
 u - a wand of digging (14)
 y - a wand of acid (24)
 D - a wand of flame (30)
 J - a wand of paralysis (39)
Scrolls
 n - a scroll of blinking
 o - a scroll of fog
 r - 8 scrolls of teleportation
 s - 2 scrolls of silence
 v - 4 scrolls of revelation
 B - 3 scrolls of brand weapon
 H - 4 scrolls of identify
 R - 4 scrolls of fear
 U - 5 scrolls of poison
Potions
 d - 6 potions of might
 e - 4 potions of haste
 f - 5 potions of mutation
 h - 2 potions of heal wounds
 w - 2 potions of resistance
 E - 5 potions of lignification
 M - a potion of invisibility
 O - 2 potions of berserk rage
 T - 2 potions of cancellation
 X - 8 potions of enlightenment
Miscellaneous
 Z - a lightning rod (4/4)


   Skills:
 - Level 17.5 Fighting
 + Level 23.1 Axes
 - Level 5.0 Throwing
 - Level 23.0 Armour
 - Level 12.0 Dodging
 - Level 10.0 Shields
 - Level 15.0 Invocations


You had 17 spell levels left.
You didn't know any spells.
Your spell library contained the following spells:

 Spells                   Type           Power      Damage    Failure   Level
 Apportation              Tloc           0%         N/A       95%         1
 Foxfire                  Conj/Fire      0%         2x1d4     95%         1
 Magic Dart               Conj           0%         1d3       95%         1
 Necrotise                Necr           0%         1d4       95%         1
 Shock                    Conj/Air       0%         1d3       95%         1
 Sting                    Conj/Alch      0%         1d3       95%         1
 Cigotuvi's Dreadful Rot  Necr/Alch/Air  0%         N/A       99%         2
 Ensorcelled Hibernation  Hex/Ice        0%         N/A       99%         2
 Mercury Vapours          Alch/Air       0%         N/A       99%         2
 Searing Ray              Conj           0%         2d4       99%         2
 Sublimation of Blood     Necr           0%         N/A       99%         2
 Fugue of the Fallen      Necr           0%         N/A       100%        3
 Gell's Gravitas          Tloc           0%         N/A       100%        3
 Mephitic Cloud           Conj/Alch/Air  0%         N/A       100%        3
 Ozocubu's Armour         Ice            0%         N/A       100%        3
 Passwall                 Erth           0%         N/A       100%        3
 Swiftness                Air            0%         N/A       100%        3
 Teleport Other           Tloc           0%         N/A       100%        3
 Airstrike                Air            0%         2d(0-16)  100%        4
 Anguish                  Hex/Necr       0%         N/A       100%        4
 Dimensional Bullseye     Hex/Tloc       0%         N/A       100%        4
 Fulminant Prism          Conj/Alch      0%         3d5       100%        4
 Iskenderun's Mystic Bla  Conj/Tloc      0%         2d3       100%        4
 Manifold Assault         Tloc           0%         N/A       100%        4
 Passage of Golubria      Tloc           0%         N/A       100%        4
 Alistair's Intoxication  Alch           0%         N/A       100%        5
 Borgnjor's Vile Clutch   Necr/Erth      0%         N/A       100%        5
 Curse of Agony           Necr           0%         N/A       100%        5
 Freezing Cloud           Conj/Ice/Air   0%         6-21      100%        5
 Silence                  Hex/Air        0%         N/A       100%        5
 Dispersal                Tloc           0%         N/A       100%        6
 Eringya's Noxious Bog    Alch           0%         4d6       100%        6
 Lehudib's Crystal Spear  Conj/Erth      0%         10d2      100%        8
 Summon Small Mammal      Summ           Unusable   N/A       N/A         1
 Call Imp                 Summ           Unusable   N/A       N/A         2
 Tukima's Dance           Hex            Unusable   N/A       N/A         3
 Summon Hydra             Summ           Unusable   N/A       N/A         7

Dungeon Overview and Level Annotations

Branches:
Dungeon (15/15)            Temple (1/1) D:4            Lair (5/5) D:9
  Swamp (3/4) Lair:3        Snake (4/4) Lair:2        Slime (0/5) Lair:4
    Orc (2/2) D:12            Elf (1/3) Orc:2        Vaults (0/5) D:14
 Depths (0/4) D:15          Sewer (visited)         Volcano (visited)
Gauntlet (visited)

Altars:
Ashenzari
Cheibriados
Dithmenos
Elyvilon
Fedhas
Gozag
Hepliaklqana
Kikubaaqudgha
Makhleb
Nemelex Xobeh
Okawaru
Qazlal
Ru
Sif Muna
Trog
Uskayaw
Vehumet
Wu Jian
Xom
Yredelemnul
Zin
The Shining One

Shops:
D:7 *   D:8 *   D:9 *   D:11 !   D:15 *   Orc:2 **(=   Elf:1 (   Snake:1 ?[
Snake:3 [[**(

Portals:
Hell: Lair:5
Pandemonium: Orc:2


Innate Abilities, Weirdness & Mutations

You have a pair of horns on your head.
You reflexively headbutt those who attack you in melee.


Message History

Okawaru accepts your kill.
You slice the bunyip!! You slice the swamp dragon!!
You kill the swamp dragon!
Okawaru accepts your kill.
You slice the swamp dragon!!
You feel very sick.
The foxfire hits you but does no damage.
The foxfire dissipates!
The foxfire hits you!
* * * LOW HITPOINT WARNING * * *
You slice the bunyip!!
You feel better.
Your headbutt misses the bunyip.
The bunyip is severely wounded.
You slash the swamp dragon!
You feel better.
You feel sick. The foxfire hits you!!
* * * LOW HITPOINT WARNING * * *
The swamp dragon breathes poison at you.
The blast of poison engulfs you but does no damage.
You are more poisoned.
You closely miss the bunyip.
The bunyip is severely wounded.
You hit the will-o-the-wisp. You slash the foxfire!
You slice the swamp dragon!!
You are engulfed in poison gas.
You are more poisoned.
You feel very sick. The foxfire hits you!!
* * * LOW HITPOINT WARNING * * *
The foxfire dissipates!
The will-o-the-wisp gestures.
The will-o-the-wisp conjures some marshlight!
The will-o-the-wisp gestures.
The will-o-the-wisp conjures some marshlight!
You block the swamp dragon's attack. x2; The swamp dragon closely misses you. 4 foxfires come into view.
You feel much better.
You are engulfed in poison gas.
You are more poisoned.
* * * LOW HITPOINT WARNING * * *
x2 You feel extremely sick.
The foxfire hits you!!
* * * LOW HITPOINT WARNING * * *
The foxfire hits you!!
You die...

♣.~~.♣
♣♣..~♣††~♣
♣.~♣.♣
♣..~~~~~.♣
♣.~~.♣
♣..~~.~~.♣♣..
♣....♣
♣.♣~~~~..♣§§.
♣....♣♣
♣~♣.~..~v§v§.
♣.....♣
♣~.♣♣♣~§tv§§~
♣<§.†.♣
♣♣.♣♣♣§...~~~
♣♣.♣...♣
♣.○☼x.~..§.~
♣~~~~~.♣
♣.♣§@○...~~.♣
♣~~~.~.♣♣
♣♣.vvD~~~♣.♣
♣.~.♣♣~.♣
♣♣♣§☼†~§♣
♣.♣~~~~~♣
♣♣..~~♣
♣♣.~~~~~.♣
♣♣..~.♣
♣>.~~~~~~♣♣
♣♣~~.~
♣♣.~~♣.~~.♣♣
♣♣?~♣
♣..~..♣~~.♣
..~
♣♣...♣.♣♣♣♣
~.


You could see a bunyip, a swamp dragon (catching breath), a ghost crab and 2
will-o-the-wisps.

Vanquished Creatures
  Vashnia (Snake:4)
  Jorgrun (D:12)
  A thorn hunter (Swamp:1)
  Donald (Orc:2)
  6 nagarajas
  A fenstrider witch (Swamp:1)
  3 ghouls (Swamp:2)
  An orc warlord (Orc:2)
  A deep elf death mage (Elf:1)
  A deep elf demonologist (Elf:1)
  A minotaur (Gauntlet)
  8 eleionomae
  A bunyip (Swamp:1)
  An ettin (D:15)
  Fannar (Orc:1)
  Josephine (D:12)
  4 hydras
  A rakshasa (D:14)
  A shambling mangrove (Swamp:1)
  A salamander tyrant (Snake:4)
  3 vault guards (D:14)
  2 demonspawn (Orc:2)
  A ghost crab (Swamp:2)
  4 alligators (Swamp:1)
  5 centaur warriors
  2 catoblepae
  24 anacondas
  7 two-headed ogres
  8 dancing weapons
  7 boulder beetles
  9 death yaks
  3 occultists
  2 tengu warriors
  2 demonic crawlers (Elf:1)
  14 naga warriors
  12 naga sharpshooters
  4 orc high priests (Orc:2)
  7 shock serpents
  2 spriggans (Swamp:1)
  2 sun demons (Orc:2)
  5 skysharks
  2 deep elf knights (Elf:1)
  3 skeletal warriors (D:14)
  A sixfirhy (Lair:5)
  2 goliath frogs
  A deep troll (D:15)
  5 salamander mystics
  14 mana vipers
  5 spriggan druids
  3 swamp dragons
  2 arcanists (D:13)
  5 naga ritualists
  6 bog bodies
  2 lindwurms (Lair:5)
  4 deep elf archers (Elf:1)
  A thermic dynamo (Elf:1)
  4 orc knights (Orc:2)
  6 deep elf zephyrmancers (Elf:1)
  An oklob plant (Lair:1)
  2 deep elf pyromancers
  5 necromancers
  5 ugly things
  11 orc sorcerers
  3 cyclopes
  4 manticores
  11 salamanders
  2 large abominations (Elf:1)
  5 toenail golems (Volcano)
  28 elephants
  2 molten gargoyles (Gauntlet)
  A kobold blastminer (Orc:1)
  9 guardian serpents
  2 will-o-the-wisps
  33 black mambas
  An eye of devastation (Lair:4)
  3 torpor snails
  Maggie (D:7)
  16 naga magi
  3 gargoyles
  14 cane toads
  3 orange demons
  4 rime drakes (Lair:5)
  A kobold demonologist (D:14)
  Jeremiah (D:9)
  11 komodo dragons
  2 unseen horrors (D:11)
  3 ice devils (Lair:5)
  3 efreet
  A red devil (Lair:5)
  3 tengu conjurers
  A hellwing (Lair:5)
  A polar bear (Lair:4)
  8 trolls
  3 tyrant leeches
  A glass eye (Lair:4)
  4 hornets
  17 blink frogs
  17 dream sheep
  2 shadows
  Sigmund (D:5)
  An air elemental (Elf:1)
  3 vampires
  21 slime creatures
  77 yaks
  2 water elementals (Elf:1)
  10 wyverns
  7 basilisks
  3 wraiths (D:12)
  Grum (D:9)
  5 humans (Volcano)
  A steam dragon (D:10)
  A hog (shapeshifter) (D:14)
  A warg (Orc:2)
  15 vampire mosquitoes
  Edmund (D:4)
  39 nagas
  13 swamp worms
  Duvessa (D:4)
  4 hell hounds (Lair:5)
  16 water moccasins
  An acid dragon (D:10)
  A black bear (D:4)
  32 orc warriors
  A sky beast (D:6)
  6 swamp drakes
  4 ogres
  20 wolves
  9 centaurs
  A phantom (D:6)
  2 elf zombies (Elf:1)
  2 kobold brigands
  13 bullfrogs
  2 scorpions
  A gnoll sergeant (D:9)
  A hornet simulacrum (D:13)
  Dowan (D:4)
  A killer bee (D:9)
  4 electric eels
  A howler monkey (D:5)
  A bombardier beetle (D:5)
  3 hounds
  2 jellies
  A gnoll bouda (D:7)
  A jelly (shapeshifter) (D:14)
  21 orc priests
  2 sleepcaps
  2 iguanas
  A hell rat (Lair:5)
  Natasha (twice) (D:3)
  13 orc wizards
  13 adders
  10 gnolls
  A river rat (D:3)
  2 white imps (D:7)
  2 ufetubi (D:6)
  16 dart slugs
  A ribbon worm (D:3)
  81 orcs
  14 endoplasms
  20 giant cockroaches
  4 goblins
  7 hobgoblins
  7 jackals
  21 kobolds
  5 quokkas
  8 ball pythons
  3 bats
  12 frilled lizards
  4 rats
1082 creatures vanquished.

Vanquished Creatures (others)
  A vault guard (D:14)
  A hydra (Swamp:1)
  A mana viper (Snake:3)
  A cane toad (Lair:1)
  A naga mage (Snake:4)
  4 bloated husks
  A centaur (D:11)
  An orc wizard (Orc:1)
  10 foxfires (Swamp:3)
21 creatures vanquished.

Grand Total: 1103 creatures vanquished

Notes
Turn   | Place    | Note
-------+----------+-------------------------------------------
     0 | D:1      | snarfax the Minotaur Fighter began the quest for the Orb.
     0 | D:1      | Reached XP level 1. HP: 19/19 MP: 0/0
   148 | D:1      | Reached XP level 2. HP: 26/27 MP: 1/1
   421 | D:1      | Reached XP level 3. HP: 33/33 MP: 2/2
  1337 | D:2      | Reached XP level 4. HP: 40/40 MP: 3/3
  1396 | D:2      | You fall into a shaft and drop 1 floor!
  1548 | D:3      | Found a glowing drain.
  1552 | Sewer    | Entered a sewer
  1702 | Sewer    | Reached XP level 5. HP: 45/47 MP: 4/4
  1872 | Sewer    | Reached skill level 5 in Axes
  1874 | Sewer    | Reached skill level 5 in Fighting
  1874 | Sewer    | Reached skill level 5 in Shields
  1874 | Sewer    | Reached XP level 6. HP: 14/56 MP: 5/5
  1894 | Sewer    | Identified a scroll of acquirement
  1894 | Sewer    | Acquired a manual of Axes
  2297 | D:3      | Reached skill level 5 in Armour
  2349 | D:3      | Noticed Natasha
  2351 | D:3      | Killed Natasha
  2406 | D:3      | Noticed Natasha
  2413 | D:3      | Killed Natasha
  2500 | D:3      | Reached XP level 7. HP: 61/61 MP: 6/6
  2835 | D:4      | Noticed Duvessa
  2837 | D:4      | Noticed Dowan
  2843 | D:4      | Killed Duvessa
  2848 | D:4      | Killed Dowan
  2916 | D:4      | Found a staircase to the Ecumenical Temple.
  2923 | Temple   | Entered the Ecumenical Temple
  2946 | Temple   | Became a worshipper of Warmaster Okawaru
  2980 | D:4      | Noticed a wyvern
  2987 | D:4      | Killed a wyvern
  3174 | D:4      | Reached XP level 8. HP: 70/71 MP: 7/7
  3253 | D:5      | Entered Level 5 of the Dungeon
  3273 | D:5      | Found a snail-covered altar of Cheibriados.
  3302 | D:5      | Noticed Sigmund
  3318 | D:5      | Killed Sigmund
  3319 | D:5      | Reached skill level 10 in Axes
  3321 | D:5      | Reached * piety under Okawaru
  3547 | D:4      | Noticed Edmund
  3563 | D:4      | Killed Edmund
  3564 | D:4      | Reached skill level 1 in Invocations
  3743 | D:6      | Noticed a two-headed ogre
  4187 | D:6      | Reached ** piety under Okawaru
  4188 | D:6      | Reached XP level 9. HP: 72/79 MP: 9/9
  4285 | D:6      | Found a glowing silver altar of Zin.
  4480 | D:6      | Killed a two-headed ogre
  4480 | D:6      | Reached *** piety under Okawaru
  5032 | D:7      | Reached skill level 15 in Axes
  5032 | D:7      | Reached XP level 10. HP: 90/90 MP: 12/12
  5166 | D:7      | Reached **** piety under Okawaru
  5396 | D:7      | Noticed Maggie
  5412 | D:7      | Killed Maggie
  5627 | D:7      | Found Noutriat's Assorted Antiques.
  5958 | D:8      | Reached skill level 5 in Invocations
  6397 | D:8      | Found Ijeazin's General Store.
  6400 | D:8      | Bought a potion of heal wounds for 60 gold pieces
  6642 | D:9      | Reached ***** piety under Okawaru
  6664 | D:9      | Found a staircase to the Lair.
  6673 | D:9      | Reached skill level 10 in Fighting
  6673 | D:9      | Reached skill level 10 in Armour
  6696 | D:9      | Received a gift from Okawaru
  6805 | D:9      | Found a white marble altar of Elyvilon.
  6825 | D:9      | Found a burning altar of Makhleb.
  6874 | D:9      | Noticed Jeremiah
  6882 | D:9      | Killed Jeremiah
  6883 | D:9      | Reached XP level 11. HP: 93/101 MP: 13/13
  6973 | D:9      | Found Lisauq's Overcharged Wands.
  7029 | D:9      | Noticed a two-headed ogre
  7034 | D:9      | Killed a two-headed ogre
  7128 | D:9      | Noticed Grum
  7139 | D:9      | Killed Grum
  7275 | D:9      | Found a hide-covered altar of Uskayaw.
  7281 | D:9      | Found a bloodstained altar of Trog.
  7282 | D:9      | Found a broken altar of Ashenzari.
  7282 | D:9      | Found a shimmering blue altar of Sif Muna.
  7283 | D:9      | Found a shadowy altar of Dithmenos.
  7284 | D:9      | Found a stormy altar of Qazlal.
  7285 | D:9      | Found an opulent altar of Gozag.
  7286 | D:9      | Found an ornate altar of the Wu Jian Council.
  7287 | D:9      | Found a shimmering altar of Xom.
  7521 | D:10     | Entered Level 10 of the Dungeon
  7698 | D:10     | Noticed a two-headed ogre
  7723 | D:10     | Killed a two-headed ogre
  7782 | D:10     | Found the +16 obsidian axe {drain, demonic, Mesm ^Drain Fly
                  | SInv}
  8408 | D:11     | Noticed a two-headed ogre
  8415 | D:11     | Killed a two-headed ogre
  8415 | D:11     | Received a gift from Okawaru
  8492 | D:11     | Noticed a two-headed ogre
  8495 | D:11     | Noticed a two-headed ogre
  8501 | D:11     | Killed a two-headed ogre
  8507 | D:11     | Killed a two-headed ogre
  8926 | D:11     | Found Zoadgh's Distillery.
  8935 | D:11     | Bought a potion of heal wounds for 70 gold pieces
  8951 | D:11     | Reached skill level 1 in Dodging
  9118 | D:12     | Found a gate leading to a gauntlet.
  9128 | Gauntlet | Entered a Gauntlet
  9128 | Gauntlet | Noticed a fire crab
  9128 | Gauntlet | Found a transporter.
  9128 | Gauntlet | Found a transporter.
  9135 | Gauntlet | Found a transporter.
  9182 | Gauntlet | Found a transporter.
  9196 | Gauntlet | Received a gift from Okawaru
  9197 | Gauntlet | Reached XP level 12. HP: 107/113 MP: 15/15
  9227 | Gauntlet | Found a transporter.
  9227 | Gauntlet | Found a transporter.
  9229 | Gauntlet | Noticed a death yak
  9230 | Gauntlet | Noticed a death yak
  9231 | Gauntlet | Noticed a death yak
  9237 | Gauntlet | Found a transporter.
  9263 | Gauntlet | Killed a death yak
  9266 | Gauntlet | Killed a death yak
  9267 | Gauntlet | Killed a death yak
  9286 | Gauntlet | Found a transporter.
  9288 | Gauntlet | Found a transporter.
  9288 | Gauntlet | Found a transporter.
  9290 | Gauntlet | Noticed a death yak
  9292 | Gauntlet | Noticed a death yak
  9293 | Gauntlet | Noticed a death yak
  9296 | Gauntlet | Identified the ring of Istroishi {Fire Will++}
  9302 | Gauntlet | Noticed a death yak
  9324 | Gauntlet | Found a transporter.
  9329 | Gauntlet | Noticed a catoblepas
  9336 | Gauntlet | Killed a catoblepas
  9337 | Gauntlet | Reached ****** piety under Okawaru
  9351 | Gauntlet | Found a transporter.
  9353 | Gauntlet | Found a transporter.
  9424 | Gauntlet | Noticed a minotaur
  9433 | Gauntlet | Killed a minotaur
  9433 | Gauntlet | Received a gift from Okawaru
  9443 | Gauntlet | Identified the staff "Huad" {rC+ Int+4 Ice}
  9560 | D:12     | Reached skill level 5 in Dodging
 10002 | D:12     | Found a staircase to the Orcish Mines.
 10047 | D:12     | Noticed Josephine
 10062 | D:12     | Killed Josephine
 10126 | D:12     | Noticed Jorgrun
 10146 | D:12     | Killed Jorgrun
 10146 | D:12     | Received a gift from Okawaru
 10428 | D:13     | Noticed a two-headed ogre
 10436 | D:13     | Killed a two-headed ogre
 10437 | D:13     | Reached XP level 13. HP: 104/123 MP: 17/17
 10490 | D:13     | Acquired a manual of Invocations
 10717 | D:13     | Received a gift from Okawaru
 10985 | D:13     | Found a stormy altar of Qazlal.
 11326 | Lair:1   | Entered Level 1 of the Lair of Beasts
 11352 | Lair:1   | Reached skill level 15 in Armour
 12258 | Lair:2   | Found a burning altar of Makhleb.
 12293 | Lair:2   | Received a gift from Okawaru
 12674 | Lair:2   | Reached skill level 10 in Invocations
 12680 | Lair:2   | Found a staircase to the Snake Pit.
 13467 | Lair:3   | Received a gift from Okawaru
 13493 | Lair:3   | Reached XP level 14. HP: 115/133 MP: 20/20
 13579 | Lair:3   | Received a gift from Okawaru
 13634 | Lair:3   | Found a staircase to the Swamp.
 13636 | Lair:3   | Paralysed by a hornet for 3 turns
 13644 | Lair:3   | Reached skill level 15 in Fighting
 13654 | Arena    | Entered the Arena
 14676 | Lair:4   | Received a gift from Okawaru
 14682 | Lair:4   | Found a staircase to the Slime Pits.
 15101 | Lair:5   | Entered Level 5 of the Lair of Beasts
 15135 | Lair:5   | Received a gift from Okawaru
 15152 | Lair:5   | Reached skill level 10 in Dodging
 15156 | Lair:5   | HP: 5/136 [cane toad (2)]
 15164 | Lair:5   | Found a dark tunnel.
 15471 | Lair:5   | Received a gift from Okawaru
 15473 | Lair:5   | Reached XP level 15. HP: 76/144 MP: 19/21
 15495 | Volcano  | Entered a volcano
 16332 | Lair:5   | Received a gift from Okawaru
 16969 | Lair:5   | Found a burning altar of Makhleb.
 16975 | Lair:5   | Found a gateway to Hell.
 17336 | D:14     | Received a gift from Okawaru
 17526 | D:14     | Found a gate to the Vaults.
 18139 | D:15     | Entered Level 15 of the Dungeon
 18178 | D:15     | Found Onunystra's General Store.
 18187 | D:15     | Bought a scroll of enchant weapon for 112 gold pieces
 18247 | D:15     | Got the Directory of the Fox
 18542 | D:15     | Found a staircase to the Depths.
 18938 | Orc:1    | Entered Level 1 of the Orcish Mines
 19234 | Orc:2    | Entered Level 2 of the Orcish Mines
 19265 | Orc:2    | Reached XP level 16. HP: 141/155 MP: 23/23
 19351 | Orc:2    | Received a gift from Okawaru
 19410 | Orc:2    | Found a staircase to the Elven Halls.
 19457 | Orc:2    | Found Lozig's General Store.
 19464 | Orc:2    | Found Heorowug's General Store.
 19858 | Orc:2    | Noticed Donald
 19870 | Orc:2    | Killed Donald
 20214 | Orc:2    | Received a gift from Okawaru
 20407 | Orc:2    | Found Bemixt's Antique Weapon Emporium.
 20407 | Orc:2    | Found Mimeuz's Jewellery Shoppe.
 20408 | Orc:2    | Found a one-way gate leading to the halls of Pandemonium.
 20412 | Orc:2    | Bought an amulet of reflection for 330 gold pieces
 20608 | Orc:1    | Noticed Fannar
 20623 | Orc:1    | Killed Fannar
 20779 | Orc:1    | You fall into a shaft and drop 1 floor!
 20933 | Elf:1    | Entered Level 1 of the Elven Halls
 21246 | Elf:1    | Received a gift from Okawaru
 21616 | Elf:1    | Found Lodo's Antique Weapon Boutique.
 22196 | Elf:1    | Got the Enchiridion on Abominable Deeds
 22221 | Elf:1    | Paralysed by an air elemental for 1 turns
 22260 | Elf:1    | HP: 7/151 [deep elf archer/arrow (14)]
 22599 | Elf:1    | Identified the +9 mace of Aduav {elec, Will+ Str+2}
 22910 | Snake:1  | Entered Level 1 of the Snake Pit
 22948 | Snake:1  | Received a gift from Okawaru
 23252 | Snake:1  | Identified the +0 scale mail of the Fifty Friars {rElec
                  | rPois Int+4 Dex-2}
 23660 | Snake:1  | Found Poaryirgh's Armour Shoppe.
 23660 | Snake:1  | Found Pogily's Magic Scroll Emporium.
 23674 | Snake:1  | Bought a scroll of enchant weapon for 97 gold pieces
 23674 | Snake:1  | Bought a scroll of enchant weapon for 97 gold pieces
 23674 | Snake:1  | Bought a scroll of enchant weapon for 97 gold pieces
 23873 | Snake:1  | Reached XP level 17. HP: 162/162 MP: 26/26
 24294 | Snake:2  | Received a gift from Okawaru
 24559 | Snake:2  | Reached skill level 1 in Throwing
 25583 | Snake:3  | Received a gift from Okawaru
 25626 | Snake:3  | Identified the amulet of Icenid {Rampage RegenMP+ Int+2}
 25801 | Snake:3  | Found Otoamih's Antique Weapon Shoppe.
 26420 | Snake:3  | Found Jeal's General Store.
 26433 | Snake:3  | Found Ypops's Armour Shop.
 26434 | Snake:3  | Found Nuabbarch's General Store.
 26434 | Snake:3  | Found Mizxas Caoke's Antique Armour Shop.
 26552 | Snake:3  | Received a gift from Okawaru
 26560 | Snake:3  | Bought a scroll of enchant armour for 112 gold pieces
 26572 | Snake:3  | Bought a +0 tower shield for 90 gold pieces
 26952 | Snake:3  | Acquired the +13 chain mail "Woffycon" {^Contam Rampage Fly
                  | Regen+}
 26952 | Snake:3  | Received a gift from Okawaru
 27220 | Snake:4  | Entered Level 4 of the Snake Pit
 27246 | Arena    | Entered the Arena
 27853 | Snake:4  | Reached skill level 10 in Shields
 27976 | Snake:4  | Reached skill level 5 in Throwing
 27976 | Snake:4  | Reached skill level 15 in Invocations
 28056 | Snake:4  | Received a gift from Okawaru
 28175 | Snake:4  | Reached XP level 18. HP: 170/170 MP: 28/28
 28747 | Snake:4  | Noticed Vashnia
 28762 | Snake:4  | Received a gift from Okawaru
 28770 | Snake:4  | Got a serpentine rune of Zot
 28807 | Snake:4  | Found an iron altar of Okawaru.
 28811 | Snake:4  | Killed Vashnia
 29049 | Swamp:1  | Entered Level 1 of the Swamp
 29454 | Swamp:1  | Received a gift from Okawaru
 30386 | Swamp:3  | Identified the +1 quarterstaff of In Flagrante Delicto
                  | {freeze, rN+ Int+3}
 30532 | Swamp:3  | Received a gift from Okawaru
 30548 | Swamp:3  | HP: 7/170 [will-o-the-wisp/foxfire (20)]
 30549 | Swamp:3  | HP: 3/170 [will-o-the-wisp/foxfire (21)]
 30549 | Swamp:3  | Killed from afar by a will-o-the-wisp

Illustrated notes

Levels and vault maps discovered:
D:1:      dpeg_arrival_simpleton_c, layout_loops_corners, minmay_cupped
D:2:      layout_basic, basic_altar, minmay_misc_feat_five
D:3:      kennysheep_six_static_rooms, layout_loops_ring,
          gup_sewer_entry_spiral, uniq_natasha
D:4:      minmay_inner_zag, layout_rooms, minmay_temple_entry_statues_fountains,
          minmay_statues_item, serial_library_hellmonk_u_bend,
          kennysheep_crisscross, uniq_edmund, uniq_duvessa
D:5:      layout_rooms, mainiacjoe_overflow_alcove_2, uniq_sigmund
D:6:      kennysheep_slugbush, layout_loops_cross, zin_academy,
          nicolae_the_louvre
D:7:      layout_loops_ring, serial_shops, kennysheep_mini_moat, uniq_maggie
D:8:      layout_gridville, serial_shops, nicolae_shop_real_fake_doors,
          minivault_24, serial_library_hellmonk_angled_corner
D:9:      layout_gridville, minitemple, mainiacjoe_overflow_swirl,
          minmay_lair_entry_grove, nicolae_shop_overcharged_wands, uniq_grum,
          uniq_jeremiah
D:10:     layout_small_grid, minmay_hedge_maze, dreamdust_deal_with_the_devil
D:11:     layout_basic, serial_shops, shop,
          serial_library_hellmonk_small_alcove, minmay_fountain_box
D:12:     layout_loops_ring, orc_0_dummy, gauntlet_entry_generic,
          minmay_rotating_lava, uniq_jorgrun, uniq_josephine
D:13:     layout_cave_pods, kennysheep_flooded_box,
          nicolae_qazlal_style_of_elements
D:14:     layout_roguey, lightli_vaults_fourway_checkpoint
D:15:     hangedman_depths_entry_civil_slaughter, layout_long_grid,
          serial_shops, shop, serial_bayou_pond_d
Temple:   nicolae_temple_bog_church
Lair:1:   layout_cave_pods, grunt_megastairs_1, infiniplex_staircase_pool
Lair:2:   layout_long_grid, guppyfry_snake_entry_garden, basic_altar,
          hangedman_lair_unloving_vines
Lair:3:   layout_cave_pods, mainiacjoe_swamp_entry_angry_trees, st_stairs_7,
          chequers_serial_rivers_marsh, lemuel_fruit_tree
Lair:4:   layout_hall_layers, minmay_slime_entry_eyes, grunt_megastairs_2
Lair:5:   evil_forest, layout_regular_city, enter_volcano_2, st_stairs_8,
          lemuel_fruit_fields
Swamp:1:  layout_falls_marsh, infiniplex_staircase_pool_2, swamp_pool_4,
          hangedman_swamp_grove
Swamp:2:  layout_basic_swamp, evilmike_swamp_ruin_house_2, swamp_pool_5,
          tekkud_bubbles_buried_in_this_jungle
Swamp:3:  layout_falls_marsh, evilmike_swamp_ruin_house_3, swamp_pool_5
Snake:1:  layout_misc_corridors, minmay_shoptagon
Snake:2:  layout_rooms, grunt_megastairs_5
Snake:3:  cheibrodos_forgotten_conduit, layout_onion, serial_shops, shop,
          minmay_shop_grid_forest, grunt_megastairs_3
Snake:4:  grunt_snake_rune_serpentine_throne, layout_cave_shapes,
          nicolae_snake_gridmaze_entwining, st_stairs_11
Orc:1:    layout_diamond_mine, uniq_fannar
Orc:2:    pf_orc_diabolical, layout_caves, special_room, uniq_donald
Elf:1:    layout_geoelf_octagon, serial_shops, shop, minmay_elf_necromancy,
          dreamdust_mushroom_princess, einodemon_crawler_minivault

Skill      XL: |  1  2  3  4  5  6  7  8  9 10 11 12 13 14 15 16 17 18 |
---------------+-------------------------------------------------------+-----
Axes           | 3 4 5 7 9 12 15 17 18 20 23 | 23.1
Fighting       | 4 5 6 7 8 10 12 13 14 16 17 | 17.5
Shields        | 4 5 7 10 | 10.0
Armour         | 4 5 6 7 8 10 12 14 16 18 20 22 23 | 23.0
Invocations    | 2 4 5 7 10 11 13 15 | 15.0
Dodging        | 2 6 8 10 11 12 | 12.0
Throwing       | 5 |  5.0

Action                     |  1- 3 |  4- 6 |  7- 9 | 10-12 | 13-15 | 16-18 || total
---------------------------+-------+-------+-------+-------+-------+-------++-------
  Melee: War axe           |    96 |   133 |   205 |    44 |       |       ||   478
         Headbutt          |     9 |     5 |    31 |    94 |   207 |   270 ||   616
         Broad axe         |       |       |       |   367 |   957 |  1167 ||  2491
         Scimitar          |       |       |       |       |    31 |    28 ||    59
  Throw: Boomerang         |     6 |    20 |    11 |       |       |     1 ||    38
         Dart              |       |       |     3 |    10 |    21 |     6 ||    40
         Javelin           |       |       |       |       |       |    30 ||    30
 Invoke: Heroism           |       |       |       |     5 |     6 |     9 ||    20
         Duel              |       |       |       |       |     1 |     1 ||     2
         Finesse           |       |       |       |       |     1 |     2 ||     3
         Receive Armour    |       |       |       |       |       |     1 ||     1
    Use: Scroll            |     2 |     4 |    10 |     9 |    10 |    17 ||    52
         Potion            |       |     1 |       |     1 |     3 |    13 ||    18
 Armour: Scale mail        |    78 |   123 |    14 |       |       |       ||   215
         Ring mail         |       |       |   126 |   351 |   364 |       ||   841
         Plate armour      |       |       |       |       |   340 |   239 ||   579
         Chain mail        |       |       |       |       |       |   584 ||   584
  Dodge: Dodged            |    46 |    73 |    68 |   154 |   501 |   328 ||  1170
  Block: Buckler           |    20 |    25 |    46 |    62 |   181 |    23 ||   357
         Kite shield       |       |       |       |       |       |   377 ||   377
         Reflection        |       |       |       |       |       |   117 ||   117
         Tower shield      |       |       |       |       |       |   625 ||   625

Table legend: (Time is in decaauts)
 A = Elapsed time spent in this place.
 B = Non-inter-level travel time spent in this place.
 C = Inter-level travel time spent in this place.
 D = Time resting spent in this place.
 E = Time spent auto-exploring this place.
 F = Levels seen in this place.
 G = Mean time per level.
                   A        B        C        D        E       F      G
               +--------+--------+--------+--------+--------+-----+--------+
         Total |  30184 |  28414 |   1770 |   2622 |  19721 |  36 |  838.4 |
       Dungeon |  12260 |  11403 |    857 |    336 |   8848 |  15 |  817.3 |
        Temple |     46 |      2 |     44 |      0 |      0 |   1 |   46.0 |
          Lair |   5645 |   5310 |    335 |    443 |   3931 |   5 | 1129.0 |
         Swamp |   1482 |   1431 |     51 |    107 |    948 |   3 |  494.0 |
     Snake Pit |   5725 |   5594 |    131 |   1135 |   3193 |   4 | 1431.2 |
  Orcish Mines |   1996 |   1695 |    301 |    104 |   1212 |   2 |  998.0 |
   Elven Halls |   1738 |   1690 |     48 |    276 |   1166 |   1 | 1738.0 |
         Sewer |    567 |    567 |      0 |    118 |    189 |   1 |  567.0 |
       Volcano |    298 |    298 |      0 |     27 |    174 |   1 |  298.0 |
      Gauntlet |    384 |    384 |      0 |     58 |     59 |   1 |  384.0 |
         Arena |     37 |     37 |      0 |     17 |      0 |   2 |   18.5 |
               +--------+--------+--------+--------+--------+-----+--------+

Top non-repeatable levels by time:
 Snake:3: 2000 daAuts
   Elf:1: 1738 daAuts
   Orc:2: 1474 daAuts
  Lair:5: 1358 daAuts
 Snake:2: 1354 daAuts
 Snake:4: 1287 daAuts
  Lair:2: 1287 daAuts
  Lair:3: 1164 daAuts
 Snake:1: 1083 daAuts
    D:12: 1065 daAuts
     D:1: 1046 daAuts
     D:3: 974 daAuts
     D:9: 955 daAuts
  Lair:1: 924 daAuts
  Lair:4: 911 daAuts
